AoeStats
← ÑAÑO

Lombardia

509520296Analyzed
4v4 RM · 5d ago on Sep 27, 2026· 46m 4s· 8 players
Game mode
Random Map
Map size
Large (8 player)
Population
200
Speed
Normal
Resources
Standard
Victory
Conquest
Starting age
Dark Age
Ending age
Imperial Age
RankedLock teamsTeams togetherTeam positionsShared explorationLock speedFull tech treeHidden civsTurbo modeCheats
Victory
Defeat
🇨🇳 Varangians · China
1218
+14
🇩🇪 Malians · Germany
1183
+15
🇲🇽 Saracens · Mexico
1143
+17
🇲🇽 Spanish · Mexico
1097
+19
1260
-20
🇧🇷 Varangians · Brazil
1188
-17
🇨🇱 Celts · Chile
1117
-14
🇨🇱 Vikings · Chile
1112
-14
DroppingKnowLedge SOuUU! ツ
14:21 Feudal Age
15:17 Loom
16:08 Wheelbarrow
15:18 Town Watch
15:24 Double-Bit Axe
15:21 Horse Collar
19:40 Castle Age
19:48 Town Watch
20:10 Stone Mining
20:51 Bow Saw
23:26 Hand Cart
23:47 Heavy Plow
28:17 Fletching
28:48 Forging
28:38 Scale Mail Armor
32:25 Town Patrol
32:28 Bodkin Arrow
33:08 Yasama
36:59 Imperial Age
38:31 Hoardings
38:29 Gold Mining
39:43 Two-Man Saw
40:15 Padded Archer Armor
HATamaTAH
10:04 Feudal Age
11:25 Loom
15:15 Castle Age
14:04 Double-Bit Axe
14:01 Horse Collar
16:10 Bow Saw
21:25 Stone Mining
22:18 Heavy Plow
24:37 Gold Mining
25:59 Bloodlines
26:52 Scale Barding Armor
27:01 Vendel Legacy
28:26 Forging
29:10 Wheelbarrow
28:59 Husbandry
30:01 Chain Barding Armor
34:44 Imperial Age
33:29 Iron Casting
34:48 Cavalier
36:05 Plate Barding Armor
36:32 Two-Man Saw
35:54 Conscription
37:11 Blast Furnace
42:28 Light Cavalry
ÑAÑO
0:29 Loom
11:27 Feudal Age
19:53 Castle Age
18:58 Double-Bit Axe
19:00 Horse Collar
19:14 Stone Mining
24:09 Bow Saw
24:57 Heavy Plow
25:12 Town Watch
28:39 Crossbowman
29:24 Squires
29:09 Arson
34:55 Fletching
35:05 Padded Archer Armor
35:25 Forging
35:16 Scale Mail Armor
38:04 Imperial Age
37:58 Leather Archer Armor
37:38 Bodkin Arrow
38:19 Iron Casting
37:57 Gold Mining
39:30 Ring Archer Armor
39:16 Chain Mail Armor
39:58 Gold Shaft Mining
40:28 Two-Man Saw
40:33 Crop Rotation
40:26 Arbalester
45:22 Blast Furnace
44:52 Plate Mail Armor
Nichelson3360
12:03 Feudal Age
17:34 Wheelbarrow
18:05 Double-Bit Axe
18:01 Horse Collar
18:14 Gold Mining
20:55 Castle Age
19:40 Stone Mining
20:22 Man-at-Arms
20:50 Arson
21:07 Scale Mail Armor
21:17 Forging
21:56 Heavy Plow
22:49 Bow Saw
24:13 Iron Casting
24:43 Town Watch
25:20 Hand Cart
25:23 Chain Mail Armor
25:21 Pikeman
25:49 Gambesons
26:00 Loom
29:29 Town Patrol
31:45 Gold Shaft Mining
34:27 Imperial Age
32:06 Long Swordsman
34:16 Masonry
35:05 Fortified Wall
34:43 Two-Handed Swordsman
34:46 Halberdier
Jomaloro
12:01 Feudal Age
15:42 Castle Age
14:09 Double-Bit Axe
14:23 Horse Collar
17:48 Wheelbarrow
25:19 Heavy Plow
25:46 Hand Cart
25:17 Loom
26:18 Bloodlines
27:03 Gold Mining
31:23 Imperial Age
29:57 Scale Barding Armor
29:43 Fletching
32:10 Caravan
32:32 Chain Barding Armor
31:33 Cavalier
32:13 Husbandry
32:35 Conscription
31:37 Elite Conquistador
33:16 Paladin
34:33 Stone Mining
35:42 Plate Barding Armor
35:18 Forging
36:14 Supremacy
37:02 Fortified Wall
37:52 Chemistry
38:09 Sappers
40:14 Bodkin Arrow
44:53 Iron Casting
624932690
10:55 Feudal Age
15:04 Castle Age
13:28 Double-Bit Axe
13:46 Horse Collar
16:21 Bow Saw
16:38 Heavy Plow
18:51 Loom
23:21 Town Watch
24:13 Wheelbarrow
24:48 Gold Mining
24:49 Stone Mining
26:23 Hand Cart
27:05 Scale Barding Armor
27:22 Forging
29:45 Imperial Age
28:18 Bloodlines
28:08 Husbandry
29:27 Stone Shaft Mining
29:28 Chain Barding Armor
29:44 Iron Casting
30:07 Masonry
30:59 Conscription
30:02 Elite Jarl
31:20 Plate Barding Armor
33:01 Blast Furnace
32:53 Capped Ram
34:08 Siege Ram
OWL | AlfredtheAlpaca
11:23 Feudal Age
12:27 Horse Collar
15:33 Castle Age
13:44 Double-Bit Axe
17:19 Bow Saw
17:11 Heavy Plow
21:59 Stone Mining
23:55 Wheelbarrow
24:15 Loom
24:55 Gold Mining
28:10 Forging
28:40 Bloodlines
29:53 Gold Shaft Mining
32:20 Imperial Age
29:58 Husbandry
31:37 Iron Casting
31:41 Scale Barding Armor
32:52 Hand Cart
34:29 Blast Furnace
35:01 Two-Man Saw
34:50 Conscription
35:59 Elite Mameluke
38:26 Hoardings
39:15 Hoardings
39:04 Chain Barding Armor
41:10 Plate Barding Armor
40:53 Fletching
41:24 Masonry
45:39 Town Watch
Penemue
4:34 Loom
10:58 Feudal Age
11:58 Double-Bit Axe
13:07 Horse Collar
19:33 Castle Age
18:36 Gold Mining
19:41 Scale Barding Armor
19:49 Forging
20:33 Bloodlines
21:15 Chain Barding Armor
21:54 Bow Saw
21:50 Heavy Plow
22:52 Husbandry
24:24 Padded Archer Armor
25:07 Iron Casting
27:11 Wheelbarrow
28:13 Fletching
28:23 Padded Archer Armor
29:43 Gold Shaft Mining
28:59 Stone Mining
30:58 Stone Shaft Mining
30:17 Crossbowman
31:03 Thumb Ring
30:54 Bodkin Arrow
31:15 Leather Archer Armor
35:24 Hand Cart
34:57 Town Watch
38:35 Ballistics
41:15 Imperial Age
38:47 Town Patrol
38:59 Caravan
38:40 Elite Skirmisher
40:02 Scale Mail Armor
40:48 Squires
40:33 Arson
40:15 Pikeman
41:18 Chain Mail Armor
41:14 Light Cavalry
43:39 Chemistry
42:00 Arbalester
43:12 Ring Archer Armor
43:15 Plate Mail Armor
43:26 Plate Barding Armor
42:25 Capped Ram
43:45 Murder Holes
44:00 Fortified Wall
44:01 Masonry
45:24 Coinage
45:04 Guilds
Connection lost

Rejoining the realm…

Still unreachable

The connection could not be restored.

Session expired

The server has moved on; the page needs a fresh start.